 Dungeon Crawl Stone Soup version 0.29.1-12-g30fa7ad0bf (webtiles) character file.

Game seed: 17644797101350856364

5769 bubby the Fighter (level 10, -8/82 HPs)
             Began as a Demonspawn Berserker on Jan 14, 2023.
             Was a High Priest of Trog.
             Mangled by Grum
             ... wielding a -1 spear
              (15 damage)
             ... on level 9 of the Dungeon.
             The game lasted 00:26:24 (12707 turns).

bubby the Fighter (Demonspawn Berserker)           Turns: 12707, Time: 00:26:24

Health: -8/82      AC: 17    Str: 22    XL:     10   Next: 49%
Magic:  10/10      EV: 10    Int:  9    God:    Trog [*****.]
Gold:   568        SH:  0    Dex: 12    Spells: 9/9 levels left

rFire   . . .      SeeInvis .   o - +0 scimitar (protect)
rCold   + . .      Faith    .   (no shield)
rNeg    . . .      Spirit   .   T - +0 chain mail {rC+}
rPois   +          Reflect  .   (no helmet)
rElec   .          Harm     .   A - +0 cloak
rCorr   .          Rampage  .   E - +0 pair of gloves
Will    +++..                   p - +1 pair of boots {Fly}
Stlth   ..........              (no amulet)
HPRegen 1.23/turn               h - ring of willpower
MPRegen 0.12/turn               q - ring of poison resistance

@: strong-willed, on berserk cooldown, flying, regenerating, slowed, very slow
A: molten scales 1, demonic guardian 1, demonic magic 2, demonic touch 2
a: Renounce Religion, Berserk, Trog's Hand, Brothers in Arms


You were on level 9 of the Dungeon.
You worshipped Trog.
Trog was extremely pleased with you.
You visited 1 branch of the dungeon, and saw 9 of its levels.

You collected 568 gold pieces.

Inventory:

Hand Weapons
 a - a +0 falchion
 o - a +0 scimitar of protection (weapon)
 r - the +7 quarterstaff "Joneil" {flame, Fly rPois Int-5}
   (You found it on level 5 of the Dungeon)

   It burns those it strikes, dealing additional fire damage.
   Int:       It affects your intelligence (-5).
   rPois:     It protects you from poison.
   Fly:       It grants you flight.
 C - the +4 flail of the Hall of Blades {drain, rF++}
   (You found it on level 6 of the Dungeon)

   A truly terrible weapon, it drains the life of any living foe it strikes.
   rF:        It greatly protects you from fire.
 D - a +0 sling of flaming
Missiles
 s - 5 javelins (quivered)
 x - 3 boomerangs
 F - 12 poisoned darts
 G - a throwing net
Armour
 p - a +1 pair of boots of flying (worn)
 A - a +0 cloak (worn)
 E - a +0 pair of gloves (worn)
 L - +0 steam dragon scales
 T - a +0 chain mail of cold resistance (worn)
Jewellery
 h - a ring of willpower (left hand)
 i - a ring of protection from fire
 q - a ring of poison resistance (right hand)
 y - a ring of protection from fire
 J - a ring of see invisible
Wands
 M - a wand of charming (9)
 V - a wand of quicksilver (4)
 W - a wand of iceblast (5)
Scrolls
 e - a scroll of blinking {unknown}
 f - a scroll of immolation {unknown}
 g - 6 scrolls of teleportation
 j - a scroll of torment {unknown}
 m - 2 scrolls of acquirement
 u - a scroll of identify
 v - 3 scrolls of summoning
 H - 2 scrolls of poison
 I - a scroll of vulnerability {unknown}
 N - a scroll of amnesia {unknown}
 O - a scroll of fog
 R - a scroll of enchant armour {unknown}
 S - a scroll of fear {unknown}
 U - a scroll of silence {unknown}
Potions
 b - 2 potions of mutation {unknown}
 c - a potion of lignification {unknown}
 d - 5 potions of might
 k - a potion of degeneration {unknown}
 l - 3 potions of heal wounds {unknown}
 n - 4 potions of brilliance {unknown}
 t - a potion of cancellation {unknown}
 w - a potion of berserk rage {unknown}
 z - 2 potions of flight {unknown}
 B - 4 potions of curing {unknown}
 K - a potion of haste {unknown}
 Q - a potion of magic {unknown}


   Skills:
 + Level 8.5 Fighting
 + Level 7.8 Long Blades
 + Level 7.4 Armour
 + Level 7.5 Dodging


You had 9 spell levels left.
You didn't know any spells.
Your spell library contained the following spells:

 Spells                   Type           Power      Damage    Failure   Level
 Foxfire                  Conj/Fire      0%         2x1d4     96%         1
 Freeze                   Ice            0%         1d3       96%         1
 Conjure Flame            Conj/Fire      0%         6-21      100%        3
 Frozen Ramparts          Ice            0%         1d1       100%        3
 Ignite Poison            Fire/Tmut/Pois 0%         N/A       100%        3
 Inner Flame              Hex/Fire       0%         N/A       100%        3
 Mephitic Cloud           Conj/Pois/Air  0%         N/A       100%        3
 Airstrike                Air            0%         2d(0-16)  100%        4
 Flame Wave               Conj/Fire      0%         2d4       100%        4
 Hailstorm                Conj/Ice       0%         3d3       100%        4
 Summon Lightning Spire   Summ/Air       0%         N/A       100%        4
 Freezing Cloud           Conj/Ice/Air   0%         6-21      100%        5
 Lightning Bolt           Conj/Air       0%         1d11      100%        5
 Summon Forest            Summ/Tloc      0%         N/A       100%        5
 Summon Mana Viper        Hex/Summ       0%         N/A       100%        5
 Eringya's Noxious Bog    Tmut/Pois      0%         N/A       100%        6
 Summon Cactus Giant      Summ           0%         N/A       100%        6
 Summon Hydra             Summ           0%         N/A       100%        7


Dungeon Overview and Level Annotations

Branches:
Dungeon (9/15)             Temple (0/1) D:5
   Lair: D:8-11         Orc: D:9-12

Altars:
Dithmenos
Sif Muna

Shops:
D:2 (   D:5 =   D:6 (

Annotations:
D:8 3 runed translucent doors
D:9 Grum


Innate Abilities, Weirdness & Mutations

You are partially covered in molten scales. (AC +2)
A weak demonic guardian rushes to your aid.
Spells you cast may paralyse nearby enemies.
Your touch may inflict irresistible damage on your foes.


Message History

You barely miss something. Something hits you!
Something bites you but does no damage. Grum hits you but does no damage.
You closely miss something. Something hits you. Something bites you.
Something draws strength from your injuries!
Grum barely misses you.
You miss something. You miss something.
You are no longer berserk.
You are exhausted.
You feel yourself slow down. Something hits you but does no damage.
Something bites you but does no damage.
Grum hits you from afar with a -1 spear.
You miss something. Something hits you but does no damage. Something bites you!
Something draws strength from your injuries!
Grum hits you from afar with a -1 spear!
You barely miss something. Something hits you but does no damage.
Something completely misses you.
Grum hits you from afar with a -1 spear!
* * * LOW HITPOINT WARNING * * *
A demonic guardian appears!
Something hits you but does no damage. Something bites you but does no damage.
Grum hits you from afar with a -1 spear.
* * * LOW HITPOINT WARNING * * *
Your skin crawls.
You feel strong-willed. Something hits you but does no damage.
Something bites you but does no damage. Grum barely misses you.
A goblin comes into view. It is wielding a +0 hand axe.
(D) Dungeon (T) Temple
Where to? (Enter - D:9, ? - help)
Okay, then.
Throw: 5 javelins
Press: ? - help, Q - select action, (/) - cycle Shift-Dir - straight line, f - Grum
Aim: Grum, wielding a -1 spear and wearing a +0 animal skin (ally target, 65% to hit)
Okay, then.
Something hits you!
* * * LOW HITPOINT WARNING * * *
Something bites you but does no damage.
Grum hits you from afar with a -1 spear!
You die...

,,*,,,*,,,,,,,,,,,,,,,,,,,*
,,#...+,,,,,,,,,..~~~~~~~,*
*##...###########.≈#****~,***
#...............#.≈#,,,*~,,,*
+...............#.~#,∩,,~,*,*
#...............#.~#,,,*~,,,*
#.................≈#####~,,,*
#.................5~~~~g~,,,*
#...............@........,***
#........#########g.....#**
#........# *......#
#........# *......#
#........# *......#******
#........# **.......,,,,,*
.........# *,.......,,,,,*
.........# *,.......,,,,,*
.........# *,,,,,,,,,,,,,*


You could see Grum (ally target), a goblin and a friendly iron imp (summoned).

Vanquished Creatures
  A manticore (D:8)
  A hornet (D:6)
  3 yaks (D:7)
  2 wyverns
  3 steam dragons
  2 orc warriors
  A sky beast (D:6)
  3 black bears
  An ice beast (D:7)
  4 ogres
  4 centaurs
  2 wolves (D:9)
  A phantom (D:6)
  A kobold brigand (D:8)
  A bullfrog (D:7)
  A gnoll sergeant (D:8)
  A necrophage (D:5)
  2 scorpions
  15 wights
  4 electric eels (D:6)
  2 jellies
  4 orc priests
  2 hounds
  4 iguanas
  7 orc wizards
  18 gnolls
  10 adders
  A shadow imp (D:6)
  3 white imps
  An ufetubus (D:6)
  A worm (D:5)
  2 dart slugs
  31 orcs
  8 ball pythons
  7 endoplasms
  2 giant cockroaches
  41 goblins
  27 hobgoblins
  3 quokkas
  4 bats
  3 frilled lizards
  6 kobolds
  3 rats
243 creatures vanquished.

Vanquished Creatures (collateral kills)
  A yak (D:7)
  A black bear (D:5)
  An orc (D:6)
  2 hobgoblins (D:6)
  A goblin (D:6)
6 creatures vanquished.

Grand Total: 249 creatures vanquished

Notes
Turn   | Place    | Note
-------+----------+-------------------------------------------
     0 | D:1      | bubby the Demonspawn Berserker began the quest for the Orb.
     0 | D:1      | Reached XP level 1. HP: 18/18 MP: 1/1
   282 | D:1      | Gained mutation: Your touch may inflict minor irresistible
                  | damage on your foes. [demonic ancestry]
   282 | D:1      | Reached XP level 2. HP: 24/24 MP: 2/2
   972 | D:2      | Found a faded altar of an unknown god.
  1209 | D:2      | Found Bexy's Antique Weapon Boutique.
  1604 | D:2      | Gained mutation: Spells you cast may paralyse adjacent
                  | enemies. [demonic ancestry]
  1604 | D:2      | Reached XP level 3. HP: 27/29 MP: 3/3
  2729 | D:3      | Reached ** piety under Trog
  2731 | D:3      | Gained mutation: A weak demonic guardian rushes to your
                  | aid. [demonic ancestry]
  2731 | D:3      | Reached XP level 4. HP: 34/35 MP: 4/4
  3011 | D:3      | Gained mutation: Spells you cast may paralyse nearby
                  | enemies. [demonic ancestry]
  3011 | D:3      | Reached XP level 5. HP: 42/42 MP: 5/5
  3954 | D:4      | Reached skill level 4 in Fighting
  3970 | D:4      | Noticed an ogre
  4219 | D:4      | Noticed a black bear
  4225 | D:3      | Killed an ogre
  4226 | D:3      | Gained mutation: You are partially covered in molten
                  | scales. (AC +2) [demonic ancestry]
  4226 | D:3      | Reached XP level 6. HP: 30/48 MP: 6/6
  4588 | D:4      | Identified the +6 quarterstaff of Forgiveness {drain, rCorr
                  | Stlth+}
  5118 | D:4      | Gained mutation: Your touch may inflict irresistible damage
                  | on your foes. [demonic ancestry]
  5118 | D:4      | Reached XP level 7. HP: 43/55 MP: 7/7
  5473 | D:5      | Entered Level 5 of the Dungeon
  5473 | D:5      | Found Wastrit's Jewellery Shop.
  5484 | D:5      | Reached skill level 5 in Fighting
  5877 | D:5      | Reached skill level 5 in Long Blades
  5911 | D:5      | Found a staircase to the Ecumenical Temple.
  5949 | D:5      | Reached XP level 8. HP: 43/63 MP: 8/8
  6161 | D:5      | Identified the +7 quarterstaff "Joneil" {flame, Fly rPois
                  | Int-5}
  6169 | D:5      | Reached *** piety under Trog
  6833 | D:6      | Reached skill level 5 in Armour
  6833 | D:6      | Reached skill level 5 in Dodging
  6945 | D:6      | Identified the +4 flail of the Hall of Blades {drain, rF++}
  6953 | D:6      | Reached skill level 6 in Fighting
  8015 | D:6      | Found Tavarghee's Weapon Emporium.
  8076 | D:6      | Found a shimmering blue altar of Sif Muna.
  8081 | D:6      | Noticed a hornet
  8092 | D:6      | Killed a hornet
  8093 | D:6      | Reached XP level 9. HP: 45/71 MP: 9/9
  8691 | D:6      | Reached **** piety under Trog
  9195 | D:7      | Found a shadowy altar of Dithmenos.
  9347 | D:7      | Reached skill level 7 in Fighting
 10899 | D:7      | Reached XP level 10. HP: 73/80 MP: 10/10
 11133 | D:8      | Noticed a manticore
 11141 | D:8      | Killed a manticore
 11142 | D:8      | Reached skill level 8 in Fighting
 12455 | D:8      | Found a runed translucent gate.
 12456 | D:8      | Found a runed translucent gate.
 12456 | D:8      | Found a runed translucent gate.
 12457 | D:8      | Noticed a green ugly thing
 12458 | D:8      | Noticed a brown ugly thing
 12459 | D:8      | Noticed a white ugly thing
 12635 | D:9      | Identified 2 scrolls of acquirement
 12660 | D:9      | Reached ***** piety under Trog
 12683 | D:9      | Noticed Grum
 12707 | D:9      | Mangled by Grum

Illustrated notes

Levels and vault maps discovered:
D:1:      sevenhm_arrival_forest_fort_large_2, layout_basic, glass_columns_a
D:2:      layout_basic, ebering_ecumenical_altar_abandoned, serial_shops, shop
D:3:      layout_basic, minmay_goblin_kobold_house
D:4:      layout_basic, grunt_ministairs_10
D:5:      layout_loops_ring, minmay_temple_entry_enclosed_plants, serial_shops,
          nicolae_stop_n_shop_2
D:6:      minmay_goblin_kobold_castle, layout_rooms,
          mainiacjoe_overflow_large_starburst, serial_shops,
          nicolae_shop_bloodbath_and_beyond, interstate_on_off
D:7:      layout_basic, nicolae_dithmenos_the_darkroom
D:8:      layout_loops_corners, ploomutoo_gammafunk_ghost_potion_laboratory,
          minmay_bent
D:9:      layout_irregular_city, enter_bailey_3, uniq_grum

Skill      XL: |  1  2  3  4  5  6  7  8  9 10 |
---------------+-------------------------------+-----
Armour         | 2 3 4 5 6 7 |  7.4
Dodging        | 2 3 4 5 6 7 |  7.5
Long Blades    | 3 4 5 6 7 |  7.8
Fighting       | 4 5 6 7 8 |  8.5

Action                   |  1- 3 |  4- 6 |  7- 9 | 10-12 || total
-------------------------+-------+-------+-------+-------++-------
Melee: Falchion          |    88 |   111 |   519 |    14 ||   732
       Touch             |    11 |    11 |    85 |    28 ||   135
       Punch             |       |     1 |     4 |     5 ||    10
       Scimitar          |       |       |       |   108 ||   108
Throw: Dart              |       |     4 |     4 |       ||     8
       Javelin           |       |       |     2 |     1 ||     3
Invok: Berserk           |     1 |     2 |     9 |     1 ||    13
       Trog's Hand       |       |       |       |     2 ||     2
  Use: Scroll            |       |       |       |     7 ||     7
Armor: Animal skin       |     6 |       |       |       ||     6
       Ring mail         |    10 |    57 |   113 |       ||   180
       Scale mail        |       |       |   169 |       ||   169
       Chain mail        |       |       |       |    87 ||    87
Dodge: Dodged            |    48 |    67 |   360 |    68 ||   543
